 Dungeon Crawl Stone Soup version 0.30.0 (webtiles) character file.

Game seed: 17841704292443174087

948 StoopidFlanders the Slicer (level 8, -3/56 (58) HPs)
             Began as a Gnoll Wanderer on May 5, 2023.
             Slain by a wight
             ... wielding a +5 scimitar
              (7 damage)
             ... on level 4 of the Dungeon.
             The game lasted 00:08:03 (4054 turns).

StoopidFlanders the Slicer (Gnoll Wanderer)         Turns: 4054, Time: 00:08:04

HP:   -3/56 (58)    AC:  9    Str:  8    XL:     8   Next: 13%
MP:   14/14         EV: 16    Int: 10    God:
Gold: 340           SH:  0    Dex: 19    Spells: 15/15 levels left

rFire   + . .        j - +0 long sword
rCold   . . .        (no shield)
rNeg    . . .        p - +2 ring mail {rF+}
rPois   .            (no helmet)
rElec   .            m - +0 cloak
rCorr   .            l - +0 pair of gloves
SInv    .            (no boots)
Will    .....        (no amulet)
Stlth   +++          b - +5 ring of evasion
HPRegen 0.29/turn    (no ring)
MPRegen 0.14/turn

%: no passive effects
@: mighty, lightly drained
A: fangs 1, strong nose, distributed training
a: no special abilities


You were on level 4 of the Dungeon.
You visited 1 branch of the dungeon, and saw 5 of its levels.

You collected 340 gold pieces.

Inventory:

Hand Weapons
 a - a +2 dagger
 j - a +0 long sword (weapon)
Armour
 l - a +0 pair of gloves (worn)
 m - a +0 cloak (worn)
 p - a +2 ring mail of fire resistance (worn)
Jewellery
 b - a +5 ring of evasion (left hand)
 c - a ring of fire
Wands
 r - a wand of digging (7)
Scrolls
 h - a scroll of identify
 n - a scroll of amnesia
 o - a scroll of poison
 q - 2 scrolls of summoning
Potions
 e - a potion of might
 f - a potion of brilliance
 i - a potion of magic
 k - a potion of haste
 s - a potion of curing
 u - a potion of invisibility {unknown}
Miscellaneous
 d - a piece from Xom's chessboard (15/15) (quivered)


   Skills:
 + Level 3.1 Fighting
 + Level 9.1 Short Blades
 + Level 3.1 Long Blades
 + Level 3.1 Axes
 + Level 3.1 Maces & Flails
 + Level 3.1 Polearms
 + Level 3.1 Staves
 + Level 3.1 Ranged Weapons
 + Level 3.1 Throwing
 + Level 3.1 Armour
 + Level 3.1 Dodging
 + Level 5.2 Stealth
 + Level 3.1 Shields
 + Level 3.1 Unarmed Combat
 + Level 4.2 Spellcasting
 + Level 2.5 Conjurations
 + Level 2.5 Hexes
 + Level 2.5 Summonings
 + Level 2.5 Necromancy
 + Level 2.5 Translocations
 + Level 2.5 Transmutations
 + Level 2.5 Fire Magic
 + Level 2.5 Ice Magic
 + Level 2.5 Air Magic
 + Level 2.5 Earth Magic
 + Level 2.5 Poison Magic
 + Level 3.4 Invocations
 + Level 7.3 Evocations


You had 15 spell levels left.
You didn't know any spells.
Your spell library was empty.

Dungeon Overview and Level Annotations

Branches:
Dungeon (5/15)
 Temple: D:4-7

Altars:
Okawaru

Annotations:
D:5 Ijyb


Innate Abilities, Weirdness & Mutations

You have very sharp teeth.
Your uncanny sense of smell can sniff out nearby items.
Your experience applies equally to all skills.


Message History

The wight hits you with a +4 halberd!
You closely miss the wight. The wight hits you with a +4 halberd!
The wight closely misses you.
You hit the wight.
The wight is lightly damaged.
The wight misses you.
You hit the wight but do no damage.
The wight is lightly damaged.
The wight hits you with a +4 halberd.
You slash the wight! Your bite misses the wight.
The wight is severely damaged.
The wight hits you with a +4 halberd.
You barely miss the wight.
The wight is severely damaged.
The wight hits you with a +4 halberd.
You feel drained. The wight hits you with a +4 halberd!
You are too injured to fight recklessly!
You barely miss the wight.
The wight is heavily damaged.
The wight barely misses you.
You hit the wight but do no damage.
The wight is heavily damaged.
The wight closely misses you.
You barely miss the wight.
The wight is heavily damaged.
The wight completely misses you.
You feel very mighty all of a sudden. The wight barely misses you.
You closely miss the wight.
The wight is heavily damaged.
The wight completely misses you. The wight hits you with a +4 halberd!
* * * LOW HITPOINT WARNING * * *
You feel drained.
* * * LOW HITPOINT WARNING * * *
You slash the wight!
You destroy the wight!
You slash the wight!
The wight is heavily damaged.
The wight hits you with a +5 scimitar!
You die...

##.####.#(.# #.#
##....##### #.#
####################.#
#...#...............#
#.#.###########..####
#.#.# #..# #.#.# #..#
#(#.###########..#
#.#.........z@...#
#.##############.# #.#
#.# #.##############.#
####.#..............#
.....#.##############
######.# #.# ######.#


You could see a wight.

Vanquished Creatures
  Sigmund (D:2)
  Menkaure (D:4)
  A water moccasin (D:4)
  An orc warrior (D:4)
  A phantom (D:4)
  A scorpion (D:4)
  2 wights (D:4)
  A hound (D:4)
  A sleepcap (D:5)
  3 orc wizards (D:4)
  A gnoll (D:5)
  3 adders
  2 worms (D:4)
  2 dart slugs
  3 orcs (D:4)
  5 ball pythons
  6 endoplasms
  6 giant cockroaches
  8 goblins
  9 hobgoblins
  2 jackals (D:1)
  7 kobolds
  2 quokkas
  A bat (D:1)
  2 frilled lizards
  5 rats
77 creatures vanquished.

Notes
Turn   | Place    | Note
-------+----------+-------------------------------------------
     0 | D:1      | StoopidFlanders the Gnoll Wanderer began the quest for the
                  | Orb.
     0 | D:1      | StoopidFlanders set off with the following items: a +2
                  | dagger, a potion of berserk rage, a +0 short sword, a piece
                  | from Xom's chessboard (15/15), a potion of might, a +0
                  | robe.
     0 | D:1      | Reached XP level 1. HP: 13/13 MP: 4/4
    55 | D:1      | Reached XP level 2. HP: 16/19 MP: 5/5
  1138 | D:2      | Noticed Sigmund
  1159 | D:2      | Killed Sigmund
  1160 | D:2      | Reached skill level 1 in Fighting
  1160 | D:2      | Reached skill level 1 in Long Blades
  1160 | D:2      | Reached skill level 1 in Axes
  1160 | D:2      | Reached skill level 1 in Maces & Flails
  1160 | D:2      | Reached skill level 1 in Polearms
  1160 | D:2      | Reached skill level 1 in Staves
  1160 | D:2      | Reached skill level 1 in Ranged Weapons
  1160 | D:2      | Reached skill level 1 in Throwing
  1160 | D:2      | Reached skill level 1 in Armour
  1160 | D:2      | Reached skill level 1 in Dodging
  1160 | D:2      | Reached skill level 1 in Shields
  1160 | D:2      | Reached skill level 1 in Unarmed Combat
  1160 | D:2      | Reached skill level 1 in Conjurations
  1160 | D:2      | Reached skill level 1 in Hexes
  1160 | D:2      | Reached skill level 1 in Summonings
  1160 | D:2      | Reached skill level 1 in Necromancy
  1160 | D:2      | Reached skill level 1 in Translocations
  1160 | D:2      | Reached skill level 1 in Transmutations
  1160 | D:2      | Reached skill level 1 in Fire Magic
  1160 | D:2      | Reached skill level 1 in Ice Magic
  1160 | D:2      | Reached skill level 1 in Air Magic
  1160 | D:2      | Reached skill level 1 in Earth Magic
  1160 | D:2      | Reached skill level 1 in Poison Magic
  1160 | D:2      | Reached skill level 1 in Invocations
  1160 | D:2      | Reached XP level 3. HP: 14/26 MP: 5/7
  1160 | D:2      | Reached XP level 4. HP: 17/32 MP: 5/8
  1160 | D:2      | Reached XP level 5. HP: 20/37 MP: 5/9
  2317 | D:4      | Reached XP level 6. HP: 44/44 MP: 11/11
  2556 | D:4      | Found an iron altar of Okawaru.
  2632 | D:4      | Noticed Menkaure
  2641 | D:4      | Killed Menkaure
  2906 | D:4      | Reached XP level 7. HP: 42/51 MP: 12/12
  3232 | D:4      | Reached skill level 9 in Short Blades
  3232 | D:4      | Reached skill level 5 in Stealth
  3448 | D:5      | Entered Level 5 of the Dungeon
  3546 | D:5      | Noticed Ijyb
  3584 | D:4      | Reached XP level 8. HP: 17/58 MP: 14/14
  4054 | D:4      | Slain by a wight

Illustrated notes

Levels and vault maps discovered:
D:1:      dpeg_arrival_shelter, layout_basic
D:2:      layout_loops_ring, minmay_goblin_kobold_house, uniq_sigmund
D:3:      layout_loops_cross, minmay_misc_feat_room
D:4:      minmay_chambers_of_fours, layout_loops_ring,
          mainiacjoe_overflow_24_doors, uniq_menkaure
D:5:      layout_cave_pools, temple_green, gup_sewer_entry_spiral, serial_shops,
          nicolae_square_shop, uniq_ijyb

Skill      XL: |  1  2  3  4  5  6  7 |
---------------+----------------------+-----
Fighting       | 1 2 3 |  3.1
Long Blades    | 1 2 3 |  3.1
Axes           | 1 2 3 |  3.1
Maces & Flails | 1 2 3 |  3.1
Polearms       | 1 2 3 |  3.1
Staves         | 1 2 3 |  3.1
Ranged Weapons | 1 2 3 |  3.1
Throwing       | 1 2 3 |  3.1
Armour         | 1 2 3 |  3.1
Dodging        | 1 2 3 |  3.1
Shields        | 1 2 3 |  3.1
Unarmed Combat | 1 2 3 |  3.1
Spellcasting   | 3 4 |  4.2
Conjurations   | 1 2 |  2.5
Hexes          | 1 2 |  2.5
Summonings     | 1 2 |  2.5
Necromancy     | 1 2 |  2.5
Translocations | 1 2 |  2.5
Transmutations | 1 2 |  2.5
Fire Magic     | 1 2 |  2.5
Ice Magic      | 1 2 |  2.5
Air Magic      | 1 2 |  2.5
Earth Magic    | 1 2 |  2.5
Poison Magic   | 1 2 |  2.5
Invocations    | 1 2 3 |  3.4
Evocations     | 7 |  7.3
Short Blades   | 9 |  9.1
Stealth        | 5 |  5.2

Action                     |  1- 3 |  4- 6 |  7- 9 || total
---------------------------+-------+-------+-------++-------
  Melee: Dagger            |    53 |    14 |       ||    67
         Bite              |     1 |    13 |    14 ||    28
         Punch             |     1 |     1 |     3 ||     5
         Long sword        |       |   138 |    87 ||   225
  Evoke: Piece from Xom's  |     2 |       |     2 ||     4
    Use: Potion            |     2 |     6 |     3 ||    11
         Scroll            |       |     5 |     3 ||     8
   Stab: Sleeping          |     3 |     5 |     3 ||    11
         Petrified         |       |       |    11 ||    11
 Armour: Robe              |    10 |       |       ||    10
         Leather armour    |       |    15 |       ||    15
         Ring mail         |       |    64 |    18 ||    82
         Skin              |       |    35 |       ||    35
  Dodge: Dodged            |    18 |   101 |    82 ||   201
